 Dungeon Crawl Stone Soup version 0.31.0-32-g396128a36d (webtiles) character file.

Game seed: 12515657247562335427

968 Doomgape the Trooper (level 7, -5/72 HPs)
             Began as a Troll Fighter on Apr 2, 2024.
             Was a Follower of Okawaru.
             Slain by a black bear (6 damage)
             ... on level 5 of the Dungeon.
             The game lasted 00:06:54 (3361 turns).

Doomgape the Trooper (Troll Fighter)                Turns: 3361, Time: 00:06:55

Health: -5/72      AC:  4    Str: 27    XL:     7   Next: 93%
Magic:  6/6        EV:  9    Int:  4    God:    Okawaru [*.....]
Gold:   137        SH:  8    Dex:  9    Spells: 6/6 levels left

rFire   . . .        r - +6 long sword of the Rescuing Sybil {elec, Fly rElec rN+}
rCold   . . .        b - +1 kite shield
rNeg    + . .        a - +0 robe
rPois   .            (helmet restricted)
rElec   +            (no cloak)
rCorr   .            (gloves unavailable)
SInv    .            (boots unavailable)
Will    .....        (no amulet)
Stlth   +            (no ring)
HPRegen 1.12/turn    (no ring)
MPRegen 0.10/turn

%: no passive effects
@: flying
A: large, unfitting armour, claws 3, regeneration 1, shaggy fur 1, tough skin 1
a: Renounce Religion, Heroism


You were on level 5 of the Dungeon.
You worshipped Okawaru.
Okawaru was aware of your devotion.
You visited 1 branch of the dungeon, and saw 5 of its levels.

You collected 137 gold pieces.

Inventory:

Hand Weapons
 r - the +6 long sword of the Rescuing Sybil (weapon) {elec, Fly rElec rN+}
   (You found it on level 3 of the Dungeon)

   rElec:     It insulates you from electricity.
   rN+:       It protects you from negative energy.
   Fly:       It grants you flight.
Armour
 a - a +0 robe (worn)
 b - a +1 kite shield (worn)
Wands
 s - a wand of digging (7)
Scrolls
 f - a scroll of blinking
 h - a scroll of fog
 m - 2 scrolls of teleportation
Potions
 i - 2 potions of enlightenment {unknown}
 j - 3 potions of mutation {unknown}
 l - 2 potions of curing
 n - 2 potions of attraction {unknown}
 p - a potion of degeneration {unknown}
 q - a potion of magic {unknown}
 u - a potion of berserk rage {unknown}


   Skills:
 + Level 5.6 Fighting
 + Level 4.3 Long Blades
 - Level 3.2 Dodging
 - Level 3.1 Shields
 - Level 3.1 Unarmed Combat


You had 6 spell levels left.
You didn't know any spells.
Your spell library contained the following spells:

 Spells                   Type           Power      Damage    Failure   Level
 Magic Dart               Conj           0%         1d3       75%         1
 Searing Ray              Conj           0%         2d4       86%         2
 Fulminant Prism          Conj/Alch      0%         3d5       100%        4


Dungeon Overview and Level Annotations

Branches:
Dungeon (5/15)             Temple (0/1) D:4

Altars:
Dithmenos
Okawaru
Ru

Shops:
D:2 (


Innate Abilities, Weirdness & Mutations

You are too large for most types of armour.
You have claws for hands.
Your natural rate of healing is unusually fast.
You are covered in fur. (AC +1)
You have tough skin. (AC +1)


Message History

You block the black bear's attack. The black bear barely misses you.
You block the black bear's attack. x2
You hit the black bear.
The black bear is severely wounded.
The black bear bites you but does no damage.
You block the black bear's attack. x2; The black bear bites you.
The black bear claws you. x2
You hit the black bear.
The black bear is almost dead.
The black bear barely misses you. The black bear claws you.
You block the black bear's attack. The black bear completely misses you.
The black bear claws you. x2
Unknown command.
You barely miss the black bear.
The black bear is almost dead.
The black bear bites you. The black bear closely misses you.
The black bear claws you. The black bear bites you.
You block the black bear's attack. The black bear claws you.
* * * LOW HITPOINT WARNING * * *
Unknown command.
You barely miss the black bear.
The black bear is almost dead.
The black bear barely misses you. x2; The black bear claws you.
* * * LOW HITPOINT WARNING * * *
The black bear closely misses you. The black bear claws you.
* * * LOW HITPOINT WARNING * * *
You block the black bear's attack.
You hit the black bear.
The black bear is almost dead.
The black bear bites you.
* * * LOW HITPOINT WARNING * * *
You block the black bear's attack. The black bear closely misses you.
The orc hits you from afar with a +0 trident!
* * * LOW HITPOINT WARNING * * *
The black bear bites you.
* * * LOW HITPOINT WARNING * * *
The black bear claws you.
* * * LOW HITPOINT WARNING * * *
The black bear claws you.
You die...

##********,,,,,,,,,
#..,,,,,,,,,,,,,,,,
#.###*####,,,,,,,,,
#...,,...,,,,,,,,,,
#..###.###,,,,,,,,,
##..#.....#,,,******
#...#o?.$.#..,*
######.#.hk.(....#,**
#.....)#@#.).?.#.#,,****
#.!......#.g...#,,,,,,,**
#..###.#####k###**,***,,,
#..#.....*,,8.o*,,,,,*,,,
#..#..⌠..#,,..w#,,,,,*,*,
#....⌠⌠⌠..8,8.8..,,,,,,**
##.#..⌠..#..,..#..,,,*,**
#.#.....#..8,.#..,,,*,,*
#.###.###*#.*****,***,,*


You could see a black bear (berserk), a wyvern and an orc.

Vanquished Creatures
  Pikel (D:5)
  Eustachio (D:4)
  A lemure (D:5)
  A bombardier beetle (D:5)
  4 hounds
  Terence (D:2)
  An iguana (D:5)
  3 gnolls (D:3)
  4 adders
  2 dart slugs
  3 orcs
  6 endoplasms
  A giant cockroach (D:1)
  4 goblins
  7 hobgoblins
  A quokka (D:4)
  9 ball pythons
  8 bats
  3 frilled lizards
  5 kobolds
  2 rats (D:2)
68 creatures vanquished.

Notes
Turn   | Place    | Note
-------+----------+-------------------------------------------
     0 | D:1      | Doomgape the Troll Fighter began the quest for the Orb.
     0 | D:1      | Reached XP level 1. HP: 22/22 MP: 0/0
   242 | D:1      | Found a faded altar of an unknown god.
   262 | D:1      | Reached XP level 2. HP: 29/29 MP: 1/1
  1023 | D:2      | Noticed Terence
  1029 | D:2      | Killed Terence
  1030 | D:2      | Reached XP level 3. HP: 28/36 MP: 2/2
  1242 | D:2      | Reached XP level 4. HP: 40/44 MP: 3/3
  1470 | D:2      | Found Coaf's Weapon Emporium.
  1499 | D:2      | Reached skill level 3 in Fighting
  1851 | D:3      | Identified the +6 long sword of the Rescuing Sybil {elec,
                  | Fly rElec rN+}
  2027 | D:3      | Reached XP level 5. HP: 51/53 MP: 4/4
  2183 | D:4      | Noticed Eustachio
  2192 | D:4      | Killed Eustachio
  2193 | D:4      | Reached skill level 1 in Long Blades
  2193 | D:4      | Reached XP level 6. HP: 16/62 MP: 5/5
  2276 | D:4      | Found a staircase to the Ecumenical Temple.
  2431 | D:4      | Found a sacrificial altar of Ru.
  2432 | D:4      | Found an iron altar of Okawaru.
  2458 | D:4      | Became a worshipper of Warmaster Okawaru
  2530 | D:4      | Found a shadowy altar of Dithmenos.
  2603 | D:4      | Reached skill level 4 in Fighting
  3088 | D:5      | Entered Level 5 of the Dungeon
  3110 | D:5      | Noticed Pikel
  3131 | D:5      | HP: 3/62 [Pikel/+2 whip of freezing (1)]
  3132 | D:5      | Killed Pikel
  3132 | D:5      | Reached * piety under Okawaru
  3133 | D:5      | Reached skill level 5 in Fighting
  3133 | D:5      | Reached XP level 7. HP: 6/72 MP: 6/6
  3350 | D:5      | Noticed a wyvern
  3361 | D:5      | HP: 3/72 [black bear (1)]
  3361 | D:5      | HP: 1/72 [black bear (2)]
  3361 | D:5      | Slain by a black bear

Illustrated notes

Levels and vault maps discovered:
D:1:      ncdulo_wetmaze, layout_basic, serial_corexii_hall,
          chequers_hall_statues_wall_a, chequers_hall_statues_y,
          shapermc_ecumenical_altar_venn, amethyst_killhole
D:2:      layout_basic, serial_shops, nicolae_shop_scrapyard, uniq_terence
D:3:      layout_rooms
D:4:      layout_cave_pods, nicolae_dithmenos_the_darkroom,
          nicolae_overflow_two_pavilions, minmay_temple_entry_from_below_b,
          uniq_eustachio
D:5:      layout_basic, minmay_chambers_of_fives, uniq_pikel

Skill      XL: |  1  2  3  4  5  6 |
---------------+-------------------+-----
Shields        | 3 |  3.1
Dodging        | 3 |  3.2
Fighting       | 3 5 |  5.6
Unarmed Combat | 3 |  3.1
Long Blades    | 1 4 |  4.3

Action                     |  1- 3 |  4- 6 |  7- 9 || total
---------------------------+-------+-------+-------++-------
  Melee: Unarmed           |    87 |    39 |       ||   126
         Long sword        |       |    73 |    24 ||    97
    Use: Potion            |       |     3 |       ||     3
         Scroll            |       |       |    12 ||    12
   Stab: Sleeping          |     1 |       |       ||     1
 Armour: Robe              |    39 |   104 |    34 ||   177
  Dodge: Dodged            |    30 |    55 |    19 ||   104
  Block: Kite shield       |    42 |    51 |    20 ||   113
